 Dungeon Crawl Stone Soup version 0.29.0-5-ge4962eb29e (webtiles) character file.

Game seed: 13460049785397732061

2073 ProzacElf the Basher (level 9, -3/63 HPs)
             Began as a Demonspawn Monk on Aug 28, 2022.
             Was a Priest of Fedhas.
             Slain by a steam dragon (8 damage)
             ... on level 7 of the Dungeon.
             The game lasted 00:17:19 (8005 turns).

ProzacElf the Basher (Demonspawn Monk)              Turns: 8005, Time: 00:17:19

Health: -3/63      AC: 14    Str: 17    XL:     9   Next: 6%
Magic:  14/15      EV: 17    Int: 11    God:    Fedhas [***...]
Gold:   74         SH:  0    Dex: 15    Spells: 8/8 levels left

rFire   . . .      SeeInvis .   b - +2 short sword (venom)
rCold   . . .      Faith    .   (no shield)
rNeg    . . .      Spirit   .   e - +0 acid dragon scales
rPois   .          Reflect  .   f - +0 helmet
rElec   .          Harm     .   M - +0 cloak {Will+}
rCorr   +          Rampage  .   (no gloves)
Will    +....                   (no boots)
Stlth   ++........              (no amulet)
HPRegen 0.20/turn               E - +4 ring of protection {=R}
MPRegen 0.14/turn               J - +4 ring of evasion

@: no status effects
A: yellow scales 1, demonic guardian 2, weakness stinger 1
a: Renounce Religion, Wall of Briars, Grow Ballistomycete


You were on level 7 of the Dungeon.
You worshipped Fedhas.
Fedhas was most pleased with you.
You visited 2 branches of the dungeon, and saw 8 of its levels.
You also visited: Ossuary.

You collected 435 gold pieces.
You spent 361 gold pieces at shops.

Inventory:

Hand Weapons
 a - a +1 whip of electrocution
 b - a +2 short sword of venom (weapon)
 p - a +0 mace
 C - a +0 sling
Missiles
 z - 4 poisoned darts
 B - 6 datura-tipped darts
Armour
 e - +0 acid dragon scales (worn)
 f - a +0 helmet (worn)
 m - a +0 scale mail
 v - a +0 chain mail
 M - a +0 cloak of willpower (worn)
 N - a +1 ring mail of positive energy
Jewellery
 E - a +4 ring of protection (left hand) {=R}
 G - a ring of positive energy
 J - a +4 ring of evasion (right hand)
Wands
 k - a wand of quicksilver (10)
 K - a wand of mindburst (18)
 L - a wand of roots (11)
Scrolls
 d - 2 scrolls of fear
 g - 2 scrolls of poison {unknown}
 h - a scroll of brand weapon
 i - 2 scrolls of enchant weapon
 j - 2 scrolls of amnesia {unknown}
 l - 5 scrolls of teleportation
 o - a scroll of vulnerability {unknown}
 t - a scroll of fog
 u - 2 scrolls of immolation {unknown}
 x - 2 scrolls of torment {unknown}
 y - 2 scrolls of blinking
 F - a scroll of acquirement {unknown}
Potions
 c - 3 potions of ambrosia {!e}
 n - 2 potions of lignification
 q - 3 potions of curing
 r - 2 potions of invisibility
 s - 3 potions of heal wounds
 w - a potion of brilliance
 A - a potion of cancellation
 D - a potion of might
 H - a potion of attraction
 I - 2 potions of berserk rage


   Skills:
 - Level 3.0 Fighting
 + Level 8.7 Maces & Flails
 - Level 5.0 Dodging
 - Level 1.7 Stealth
 + Level 8.1 Invocations


You had 8 spell levels left.
You didn't know any spells.
Your spell library contained the following spells:

 Spells                   Type           Power      Damage    Failure   Level
 Apportation              Tloc           0%         N/A       43%         1
 Necrotise                Necr           0%         1d4       43%         1
 Shock                    Conj/Air       0%         1d3       43%         1
 Summon Small Mammal      Summ           0%         N/A       43%         1
 Blink                    Tloc           0%         N/A       58%         2
 Call Canine Familiar     Summ           0%         N/A       82%         3
 Lesser Beckoning         Tloc           0%         N/A       82%         3
 Portal Projectile        Hex/Tloc       0%         N/A       82%         3
 Swiftness                Air            0%         N/A       82%         3
 Airstrike                Air            0%         2d(0-16)  99%         4
 Corpse Rot               Necr/Pois/Air  0%         N/A       99%         4
 Dispel Undead            Necr           0%         3d6       99%         4
 Leda's Liquefaction      Hex/Erth       0%         N/A       99%         4
 Manifold Assault         Tloc           0%         N/A       100%        5
 Death Channel            Necr           0%         N/A       100%        6


Dungeon Overview and Level Annotations

Branches:
Dungeon (7/15)             Temple (1/1) D:4         Ossuary (visited)

Altars:
Ashenzari
Cheibriados
Dithmenos
Fedhas
Kikubaaqudgha
Makhleb
Nemelex Xobeh
Okawaru
Qazlal
Ru
Sif Muna
Trog
Uskayaw
Vehumet
Xom
Yredelemnul

Shops:
D:1 *   D:2 [::??   D:5 *

Annotations:
D:5 1 runed translucent door


Innate Abilities, Weirdness & Mutations

You are partially covered in yellow scales. (AC +2)
A demonic guardian rushes to your aid.
You have a small tail.


Message History

Ye take 22 damage, an' haf 35/63 hp.
MASSIVE DAMAGE!!
Ye hit tha ogre.
Tha ogre looks as sick as possible!
Tha ogre be moderately wounded.
Ye hit tha ogre.
Tha ogre looks as sick as possible!
Tha ogre be severely wounded.
Tha ogre misses ye.
Ye hit tha ogre.
Tha ogre looks as sick as possible!
Tha ogre be severely wounded.
Tha ogre closely misses ye.
Ye hit tha ogre.
Tha ogre looks as sick as possible!
Yer tail-slap misses tha ogre.
Tha ogre be almost dead.
Tha ogre hits ye wit' a +0 giant club!
Ye take 12 damage, an' haf 24/63 hp.
Ye hit tha ogre.
Ye kill tha ogre!
Fedhas appreciates yer contribution ta tha ecosystem.
Yer Invocations skill increases ta level 8!
Ye hit tha steam dragon.
Tha steam dragon be lightly wounded.
Tha steam dragon breathas steam at ye.
Tha ball o' steam misses ye.
Tha ball o' steam hits yer ice devil!
Ye hear an angry growl.
Ye hit tha steam dragon.
Tha steam dragon be poison'd.
Tha steam dragon be lightly wounded.
Ye be 'ngulfed in a cloud o' scaldin' steam.
Tha steam dragon breathas steam at ye.
Tha ball o' steam hits ye!
* * * LOW HITPOINT WARNIN'
* * * Tha ball o' steam hits yer ice devil!
Ye take 10 damage, an' haf 15/63 hp.
Ye hit tha steam dragon.
Tha steam dragon looks as sick as possible!
Tha steam dragon be moderately wounded.
Ye be 'ngulfed in a cloud o' scaldin' steam.
* * * LOW HITPOINT WARNIN'
* * * Yer ice devil be 'ngulfed in a cloud o' scaldin' steam.
Tha steam dragon bites ye!
Ye die...
Fedhas appreciates yer contribution ta tha ecosystem.

#. .. #D ## ....#
.#.# ...
#####)######
#4@D.......#
#.########.# #.#
#.# #.#####
#.######## #.....#
#.........
#####.#####....####
#.........'....'...
#.#.#######....####
## ######... #....#


You could see a steam dragon (extremely poisoned, catching breath, ally target)
and a friendly ice devil (summoned).

Vanquished Creatures
  An acid dragon (D:6)
  2 ice beasts
  A sky beast (D:7)
  3 ogres
  2 black bears (D:4)
  An elf zombie (Ossuary)
  A bullfrog (D:7)
  2 necrophages
  3 scorpions
  A wight (D:7)
  2 human zombies (Ossuary)
  4 hounds
  A centaur zombie (Ossuary)
  An orc priest (D:3)
  2 jellies
  Crazy Yiuf (D:2)
  2 gnoll boudas
  Jessica (D:2)
  Terence (D:2)
  An orc wizard (D:3)
  An iguana (D:5)
  3 mummies
  9 gnolls
  4 adders
  A white imp (D:6)
  An adder zombie (Ossuary)
  2 worms
  11 orcs
  7 endoplasms
  3 giant cockroaches
  3 goblins
  3 hobgoblins
  4 kobolds
  A quokka (D:2)
  6 ball pythons
  3 bats
  11 frilled lizards
  4 goblin zombies
  7 hobgoblin zombies (Ossuary)
  2 jackal zombies (Ossuary)
  11 kobold zombies (Ossuary)
  8 orc zombies (Ossuary)
  9 rats
  2 rat zombies (Ossuary)
149 creatures vanquished.

Vanquished Creatures (others)
  6 plants (D:2)
6 creatures vanquished.

Grand Total: 155 creatures vanquished

Notes
Turn   | Place    | Note
-------+----------+-------------------------------------------
     0 | D:1      | ProzacElf the Demonspawn Monk began the quest for the Orb.
     0 | D:1      | Reached XP level 1. HP: 18/18 MP: 1/1
    27 | D:1      | Found Dieshoih's Assorted Antiques.
   360 | D:1      | Gained mutation: You have a small tail. [demonic ancestry]
   360 | D:1      | Reached XP level 2. HP: 24/24 MP: 2/2
   764 | D:2      | Found Jamoeff's Armour Shop.
   765 | D:2      | Found Fuuru's Book Shoppe.
   767 | D:2      | Found Idysh's Book Boutique.
   800 | D:2      | Found Jecubaco's Magic Scroll Shoppe.
   809 | D:2      | Bought a scroll of noise for 14 gold pieces
   809 | D:2      | Bought a scroll of identify for 28 gold pieces
   809 | D:2      | Bought a scroll of teleportation for 42 gold pieces
   815 | D:2      | Noticed Jessica
   830 | D:2      | Killed Jessica
   831 | D:2      | Reached XP level 3. HP: 28/29 MP: 3/3
   870 | D:2      | Found a runed translucent door.
   871 | D:2      | Noticed Crazy Yiuf
   892 | D:2      | Found a faded altar of an unknown god.
   949 | D:2      | Found Han Monyif's Magic Scroll Emporium.
   952 | D:2      | Noticed Terence
  1516 | D:2      | Found a sacrificial altar of Ru.
  1594 | D:2      | Killed Terence
  1595 | D:2      | Reached XP level 4. HP: 27/35 MP: 4/4
  2044 | D:2      | Bought a scroll of fear for 56 gold pieces
  2226 | D:3      | Reached XP level 5. HP: 41/41 MP: 5/5
  3435 | D:4      | Gained mutation: A weak demonic guardian rushes to your
                  | aid. [demonic ancestry]
  3435 | D:4      | Reached XP level 6. HP: 34/47 MP: 6/6
  3546 | D:4      | Reached skill level 5 in Maces & Flails
  3546 | D:4      | Reached skill level 5 in Dodging
  3918 | D:4      | Gained mutation: You are partially covered in yellow
                  | scales. (AC +2) [demonic ancestry]
  3918 | D:4      | Reached XP level 7. HP: 52/52 MP: 7/7
  4172 | D:4      | Found a staircase to the Ecumenical Temple.
  4186 | Temple   | Entered the Ecumenical Temple
  4556 | Temple   | Became a worshipper of Fedhas Madash
  4556 | Temple   | Reached * piety under Fedhas
  4556 | Temple   | Reached ** piety under Fedhas
  4757 | D:5      | Entered Level 5 of the Dungeon
  5110 | D:5      | Found Jur Ehi's General Store.
  5118 | D:5      | Bought a potion of degeneration for 11 gold pieces
  5149 | D:5      | Reached skill level 1 in Invocations
  5407 | D:5      | Found a runed translucent door.
  5598 | D:2      | Killed Crazy Yiuf
  5818 | D:1      | Bought a glowing ring mail for 210 gold pieces
  6184 | D:6      | Found a sand-covered staircase.
  6189 | D:6      | Reached XP level 8. HP: 58/58 MP: 11/11
  6191 | Ossuary  | Entered an ossuary
  6430 | Ossuary  | Reached *** piety under Fedhas
  6490 | Ossuary  | Reached skill level 5 in Invocations
  7995 | D:7      | Gained mutation: A demonic guardian rushes to your aid.
                  | [demonic ancestry]
  7995 | D:7      | Reached XP level 9. HP: 57/63 MP: 14/14
  8005 | D:7      | Slain by a steam dragon

Illustrated notes

Levels and vault maps discovered:
D:1:      mrwooster_arrival_arrow, layout_basic, serial_shops, shop
D:2:      layout_rooms, basic_altar, nicolae_ecumenical_lake_church,
          serial_shops, shop, shop, shop, nicolae_shop_statue_plus, shop,
          minmay_lizard_king, uniq_terence, uniq_jessica,
          uniq_crazy_yiuf_cottage
D:3:      layout_basic, cheibrodos_sewer_entry_bend
D:4:      layout_basic, minmay_temple_entry_overgrown, reono_crystal_passage
D:5:      layout_loops_ring, serial_shops, shop, lightli_church_of_beogh
D:6:      layout_basic, nicolae_ossuary_entry_giza, hangedman_decor_points,
          hex_large
D:7:      minmay_spotlight, layout_basic
Temple:   compressed_dpeg_triangle_lava_temple

Skill      XL: |  1  2  3  4  5  6  7  8  9 |
---------------+----------------------------+-----
Maces & Flails | 3 4 5 7 8 |  8.7
Dodging        | 3 4 5 |  5.0
Invocations    | 4 7 8 |  8.1
Fighting       | |  3.0
Stealth        | |  1.7

Action                   |  1- 3 |  4- 6 |  7- 9 || total
-------------------------+-------+-------+-------++-------
Melee: Mace              |    62 |       |       ||    62
       Tailslap          |     6 |    14 |    60 ||    80
       Whip              |    14 |   113 |   207 ||   334
       Short sword       |       |    21 |   133 ||   154
       Punch             |       |       |     8 ||     8
 Fire: Sling             |     9 |       |       ||     9
Evoke: Wand              |       |       |     2 ||     2
  Use: Scroll            |       |       |    14 ||    14
 Stab: Sleeping          |     1 |     1 |       ||     2
Armor: Robe              |     7 |       |       ||     7
       Ring mail         |    19 |    53 |    58 ||   130
       Acid dragon scale |       |       |    25 ||    25
Dodge: Dodged            |    53 |    63 |   217 ||   333
